Zazza, neutral female human Tourist -+- ...-+-- ..... ---G-- |....| |....| ------ Zazza the Rambler Experience level: 1 Strength: 11 Dexterity: 8 Constitution: 18 Intelligence: 12 Wisdom: 10 Charisma: 18 Health: 0(14) Energy: 2(2) Def: 1 Gold: 422 Moves: 2919 Dungeon seed: pgKss-Ye_5NL7zt_ Game ID: Zazza_1600775156 Your Inventory: Coins $ - 422 gold pieces Weapons a - 36 +2 darts m - 2 +0 orcish daggers (wielded) F - a blessed +0 scimitar J - 10 +0 arrows K - a cursed -2 dagger L - a +0 dagger S - a +0 crossbow bolt Armor n - an uncursed +0 orcish helm r - an uncursed +0 orcish helm (being worn) M - an uncursed +0 dwarvish cloak N - an uncursed +2 orcish helm O - an uncursed +0 pair of iron shoes Y - a cursed -1 alchemy smock Comestibles b - 4 uncursed food rations c - 2 uncursed tripe rations z - 2 uncursed bananas Scrolls B - an uncursed scroll of identify G - an uncursed scroll of light Spellbooks D - an uncursed spellbook of teleport away Potions i - a blessed potion of extra healing E - an uncursed potion of healing Rings w - an uncursed ring of invisibility (on left hand) Tools k - an expensive camera (0:78) l - an uncursed credit card C - an uncursed leash H - an uncursed tin whistle R - a blessed tallow candle (0:200) T - a bag of tricks (0:16) Gems e - an uncursed worthless piece of blue glass q - an uncursed worthless piece of yellowish brown glass y - an uncursed worthless piece of black glass P - an uncursed worthless piece of violet glass Q - an uncursed amethyst stone Spells and supernatural/magical abilities: Name Level Category Fail Memory W - pray for help -- divine ? -- Your skills at the end: Fighting Skills Weapon Skills dart [Basic] Spellcasting Skills Final Attributes: You were nominally aligned. You were invisible. You are dead. Vanquished creatures: a dwarf a homunculus an iguana an acid blob a gas spore 2 hobbits 3 manes 2 large kobolds a hobgoblin a brown mold 3 yellow molds 8 gnomes a gnome zombie a gecko 8 jackals a fox 3 goblins 5 grid bugs 2 lichens 2 kobold zombies 10 newts 58 creatures vanquished. Voluntary challenges: You used a wielded weapon 15 times, starting on turn 1080. You read items or engraved 4 times, starting on turn 404. You never genocided any monsters. You never polymorphed an object. You never changed form. You used no wishes. You never split a pudding. You never wrote Elbereth's name. You never violated your personal moral code. Dungeon overview: The Dungeons of Doom: levels 1 to 5 Level 1 a long staircase Level 2 an altar to The Lady, some fountains Level 3 an altar to The Lady, a fountain Level 4 a fountain stairs to The Gnomish Mines Level 5 a fountain, a throne The Gnomish Mines: levels 5 to 8 Level 5 stairs to The Dungeons of Doom Level 8 <- You were here History has recorded: On T:1 you entered the Dungeons of Doom to retrieve the Amulet of Yendor! On T:372 you reached level 2 of The Dungeons of Doom. On T:908 you reached level 3 of The Dungeons of Doom. On T:1671 you reached level 4 of The Dungeons of Doom. On T:1752 you reached level 1 of The Gnomish Mines. On T:2180 you reached level 5 of The Dungeons of Doom. On T:2907 you reached level 4 of The Gnomish Mines. Score breakdown: Gold: 0 ( 0 points) Experience: 1 level ( 0 points) Exploration: 8 levels ( 15.69%) (11224 points) Discoveries: 4 items ( 1.34%) ( 3475 points) Valuables value: (no points given unless you survive) Artifact value: 0 ( 0 points) Variety of kills: 21 monsters ( 5.51%) ( 7043 points) Turncount: 2919 turns ( -559 points) Survival: died (score multiplied by 80%) Total score: 16946 Latest messages: You crawl to the edge of the pit. You displace Armand. You stop. Armand is in the way! You displace Armand. It is hit. You hear some noises. You displace Armand. You see here a crossbow bolt. S - a crossbow bolt. You displace Armand. You see here a bag. You carefully open the bag... It develops a huge set of teeth and bites you! T - a bag of tricks. A trap door opens up under you! You hear a door open. (2x) The door opens. You hit the gnome lord. The gnome lord bumps right into you! You hit the gnome lord. You hear a door open. You hit the gnome lord. The gnome lord hits! You hit the gnome lord. The gnome lord hits! You die... Final status: Aloha Zazza the Tourist, killed by a gnome lord... You died in The Gnomish Mines on dungeon level 8 with 16946 points, and 422 pieces of gold, after 2919 moves. You were level 1 with a maximum of 14 hit points when you died.